AoeStats
← Twix

Arena

508804916Analyzed
2v2 RM · 6d ago on Sep 24, 2026· 40m 41s· 4 players
Game mode
Random Map
Map size
Medium (4 player)
Population
200
Speed
Normal
Resources
Standard
Victory
Conquest
Starting age
Dark Age
Ending age
Imperial Age
RankedLock teamsTeams togetherTeam positionsShared explorationLock speedFull tech treeHidden civsTurbo modeCheats
Victory
Defeat
🇹🇼 Persians · Taiwan
1500
+11
🇺🇸 Bohemians · United States
1307
+19
🇺🇸 Italians · United States
1388
-15
🇺🇸 Bohemians · United States
1388
-15
dgekelman
10:34 Feudal Age
15:17 Castle Age
13:51 Double-Bit Axe
14:35 Horse Collar
17:52 Wheelbarrow
26:40 Imperial Age
24:17 Gold Mining
24:53 Bow Saw
24:53 Fletching
25:19 Padded Archer Armor
25:44 Bodkin Arrow
27:39 Bracer
29:13 Conscription
29:32 Leather Archer Armor
30:20 Chemistry
30:05 Scale Mail Armor
30:42 Forging
30:46 Squires
30:58 Squires
31:01 Loom
31:31 Hand Cart
31:54 Chain Mail Armor
31:48 Arson
34:04 Ballistics
35:17 Plate Mail Armor
39:45 Elite Genoese Crossbowman
Twix
10:33 Feudal Age
14:09 Castle Age
13:09 Double-Bit Axe
13:06 Horse Collar
17:49 Loom
20:00 Fervor
22:30 Wheelbarrow
23:26 Heavy Plow
24:43 Hand Cart
27:44 Imperial Age
25:10 Loom
26:30 Sanctity
25:35 Pikeman
26:27 Town Watch
26:44 Scale Mail Armor
26:55 Forging
27:42 Squires
28:00 Chain Mail Armor
27:52 Halberdier
29:10 Iron Casting
29:54 Chemistry
30:09 Redemption
31:08 Block Printing
31:40 Conscription
32:14 Masonry
33:18 Hussite Reforms
34:10 Plate Mail Armor
34:47 Blast Furnace
34:16 Arson
34:51 Bow Saw
37:21 Two-Man Saw
36:35 Atonement
36:36 Devotion
37:02 Illumination
37:39 Theocracy
37:36 Illumination
37:07 Herbal Medicine
38:14 Fletching
39:06 Devotion
39:32 Heresy
39:53 Bodkin Arrow
Asgard
10:00 Feudal Age
13:56 Castle Age
12:24 Double-Bit Axe
13:09 Horse Collar
15:50 Fervor
21:44 Wheelbarrow
22:10 Bow Saw
23:26 Loom
27:10 Imperial Age
26:41 Chemistry
25:46 Heavy Plow
25:19 Pikeman
26:03 Scale Mail Armor
26:35 Squires
27:44 Chain Mail Armor
27:40 Forging
27:21 Fletching
27:32 Padded Archer Armor
29:19 Plate Mail Armor
28:38 Town Watch
28:40 Elite Skirmisher
29:24 Halberdier
30:17 Bodkin Arrow
31:23 Ballistics
32:31 Bracer
32:47 Leather Archer Armor
33:00 Conscription
33:22 Hand Cart
35:24 Houfnice
39:04 Ring Archer Armor
39:38 Iron Casting
39:53 Siege Engineers
39:44 Arson
isdaniel
8:38 Loom
10:25 Feudal Age
11:39 Loom
14:27 Castle Age
12:23 Horse Collar
12:55 Double-Bit Axe
17:42 Bow Saw
20:37 Wheelbarrow
21:41 Stone Mining
21:42 Gold Mining
24:00 Heavy Plow
27:16 Imperial Age
25:02 Fletching
25:35 Bloodlines
25:26 Husbandry
26:56 Bodkin Arrow
27:02 Padded Archer Armor
27:28 Ballistics
27:49 Heavy Cavalry Archer
28:48 Leather Archer Armor
29:34 Chemistry
28:59 Conscription
29:17 Thumb Ring
29:53 Parthian Tactics
30:00 Ring Archer Armor
29:19 Light Cavalry
31:01 Scale Barding Armor
31:09 Masonry
32:02 Gold Shaft Mining
32:03 Stone Shaft Mining
31:29 Heavy Cavalry Archer
33:42 Chain Barding Armor
33:33 Forging
35:02 Plate Barding Armor
34:44 Hand Cart
35:21 Hussar
36:37 Iron Casting
39:27 Blast Furnace
38:40 Murder Holes
39:39 Scale Mail Armor
Connection lost

Rejoining the realm…

Still unreachable

The connection could not be restored.

Session expired

The server has moved on; the page needs a fresh start.